 Dungeon Crawl Stone Soup version 0.29.0-4-gdea44cf6ec (webtiles) character file.

Game seed: 8045393382615431782

36 qw the Chopper (level 3, 0/21 HPs)
             Began as a Tengu Warper on Aug 28, 2022.
             Slain by a goblin
             ... wielding a +0 dagger
             ... led by Robin
              (2 damage)
             ... on level 2 of the Dungeon.
             The game lasted 00:00:07 (1391 turns).

qw the Chopper (Tengu Warper)                       Turns: 1391, Time: 00:00:07

Health: 0/21       AC:  3    Str: 13    XL:     3   Next: 37%
Magic:  7/7        EV: 12    Int: 13    God:
Gold:   40         SH:  0    Dex: 13    Spells: 6/6 levels left

rFire   . . .      SeeInvis .   a - +0 hand axe
rCold   . . .      Faith    .   (no shield)
rNeg    . . .      Spirit   .   b - +0 leather armour
rPois   .          Reflect  .   (helmet restricted)
rElec   .          Harm     .   (no cloak)
rCorr   .          Rampage  .   (no gloves)
Will    .....                   (boots unavailable)
Stlth   +.........              (no amulet)
HPRegen 0.07/turn               (no ring)
MPRegen 0.10/turn               (no ring)

@: no status effects
A: beak, talons 3
a: no special abilities


You were on level 2 of the Dungeon.
You visited 1 branch of the dungeon, and saw 2 of its levels.

You collected 40 gold pieces.


Innate Abilities, Weirdness & Mutations

You have a beak for a mouth.
You have claws for feet.


   Skills:
 - Level 2.0 Fighting
 + Level 4.1 Axes
 - Level 1.0 Throwing
 - Level 1.1 Armour
 - Level 2.1 Dodging
 - Level 2.0 Spellcasting
 - Level 2.4 Translocations


You had 6 spell levels left.
You didn't know any spells.
Your spell library contained the following spells:

 Spells                   Type           Power      Damage    Failure   Level
 Blink                    Tloc           14%        N/A       19%         2
 Gell's Gravitas          Tloc           7%         N/A       36%         3
 Lesser Beckoning         Tloc           7%         N/A       36%         3
 Teleport Other           Tloc           7%         N/A       36%         3
 Manifold Assault         Tloc           7%         N/A       98%         5

Inventory:

Hand Weapons
 a - a +0 hand axe (weapon)
 f - a +0 whip
Armour
 b - a +0 leather armour (worn)
 d - the +2 robe of Proximity {rF- rC++ rN+++ SInv}
   (You found it on level 2 of the Dungeon)

   rF:        It makes you vulnerable to fire.
   rC:        It greatly protects you from cold.
   rN:        It renders you almost immune to negative energy.
   SInv:      It lets you see invisible.
Scrolls
 j - a scroll of noise {unknown}
Potions
 c - a potion of attraction {unknown}
 e - a potion of mutation {unknown}
 g - a potion of curing
 h - a potion of heal wounds {unknown}
 i - 2 potions of brilliance {unknown}

Dungeon Overview and Level Annotations

Branches:
Dungeon (2/15)

Altars:

Annotations:
D:2 Robin


Message History

You hit the hobgoblin.
You kill the hobgoblin!
You closely miss the goblin. You barely miss the goblin.
The hobgoblin no longer looks unusually strong.
The goblin no longer looks unusually strong.
The goblin hits you with a +0 club.
Robin roars a battlecry!
The goblins go into a battle-frenzy!
Your Axes skill increases to level 4!
You hit the goblin.
You kill the goblin!
You hit the goblin. You closely miss the goblin.
The goblin hits you but does no damage. The goblin hits you with a +0 club.
You hit the goblin.
You kill the goblin!
You barely miss the goblin. You hit the hobgoblin but do no damage.
The goblin misses you.
You hit the endoplasm. Your kick misses the endoplasm.
You peck the endoplasm, but do no damage.
The endoplasm is severely wounded.
You hit the goblin.
You kill the goblin!
You completely miss the hobgoblin. The hobgoblin closely misses you.
The endoplasm freezes you.
You are frozen.
The endoplasm freezes you.
You are frozen.
The hobgoblin barely misses you.
You hit the endoplasm but do no damage.
The endoplasm is severely wounded.
You hit the hobgoblin but do no damage. Robin throws the goblin at you!
The hobgoblin hits you but does no damage.
The goblin hits you with a +0 dagger.
The endoplasm hits you but does no damage.
You hit the endoplasm.
You kill the endoplasm!
You closely miss the hobgoblin. You hit the goblin. The hobgoblin hits you.
The goblin hits you with a +0 dagger.
You die...

#.#.....%..... #
###.....#.## ##
###.......# #.
........### ####.
#####...# ....#########
#...#
g.###.!#.......###...####
.......#g##..............
#.g)@g#.%............
.g.##.##))#..............
.g.............###...####
..g.gg###.###### #...#
##### #.# #...# #.#
##...## #.# ###.....##
#.# #<.....<.##
.#####.........#


You could see Robin, a hobgoblin (strong) and a goblin.

Vanquished Creatures
  A dart slug (D:1)
  3 endoplasms
  8 goblins
  A hobgoblin (D:2)
  2 jackals (D:2)
  2 quokkas
  2 ball pythons (D:1)
  6 bats
  A frilled lizard (D:1)
  4 kobolds
  A rat (D:1)
31 creatures vanquished.

Notes
Turn   | Place    | Note
-------+----------+-------------------------------------------
     0 | D:1      | qw the Tengu Warper began the quest for the Orb.
     0 | D:1      | Reached XP level 1. HP: 12/12 MP: 4/4
     0 | D:1      | 0 ||| qw: Version: 0.1-a-89-g26bdef1
     0 | D:1      | 0 ||| qw: Game counter: 2284
     0 | D:1      | 0 ||| qw: Always use a shield: true
     0 | D:1      | 0 ||| qw: God list: Okawaru
     0 | D:1      | 0 ||| qw: Allow faded altars: false
     0 | D:1      | 0 ||| qw: Do Orc after D:15 true
     0 | D:1      | 0 ||| qw: Do second Lair branch before Depths: true
     0 | D:1      | 0 ||| qw: Lair rune preference: random
     0 | D:1      | 0 ||| qw: Plans: Normal
     0 | D:1      | 0 ||| PLANNING D:1-11
    64 | D:1      | 64 ||| Stepping ~*~*~tactically~*~*~ (stealth).
   168 | D:1      | 168 ||| Stepping ~*~*~tactically~*~*~ (hiding).
   177 | D:1      | Reached XP level 2. HP: 17/17 MP: 6/6
   305 | D:1      | Reached skill level 3 in Axes
   920 | D:1      | Found a faded altar of an unknown god.
   933 | D:1      | Found a faded altar of an unknown god.
  1027 | D:1      | 1027 ||| DRINKING 2 dark potions.
  1028 | D:1      | 1028 ||| DROPPING scroll of blinking.
  1062 | D:2      | 1062 ||| Stepping ~*~*~tactically~*~*~ (stealth).
  1065 | D:2      | 1065 ||| Stepping ~*~*~tactically~*~*~ (stealth).
  1176 | D:2      | Identified the +2 robe of Proximity {rF- rC++ rN+++ SInv}
  1327 | D:2      | Reached XP level 3. HP: 21/21 MP: 7/7
  1369 | D:2      | 1369 ||| Stepping ~*~*~tactically~*~*~ (stealth).
  1371 | D:2      | 1371 ||| Stepping ~*~*~tactically~*~*~ (stealth).
  1371 | D:2      | Noticed Robin
  1372 | D:2      | 1372 ||| Stepping ~*~*~tactically~*~*~ (stealth).
  1374 | D:2      | 1374 ||| Stepping ~*~*~tactically~*~*~ (hiding).
  1379 | D:2      | 1379 ||| Stepping ~*~*~tactically~*~*~ (hiding).
  1387 | D:2      | Reached skill level 4 in Axes
  1391 | D:2      | HP: 2/21 [hobgoblin[Robin] (5)]
  1391 | D:2      | Slain by a goblin

Levels and vault maps discovered:
D:1:      zelgadis_glass_arrival_small, layout_basic,
          hellmonk_ecumenical_altar_the_god_not_taken
D:2:      layout_loops_cross, uniq_robin

Skill      XL: |  1  2  3 |
---------------+----------+-----
Axes           | 3 4 |  4.1
Fighting       | |  2.0
Throwing       | |  1.0
Armour         | |  1.1
Dodging        | |  2.1
Spellcasting   | |  2.0
Translocations | |  2.4

Action                   || total
-------------------------++-------
Melee: Hand axe          ||    60
       Peck              ||     6
       Kick              ||    10
Throw: Boomerang         ||     7
  Use: Potion            ||     1
Armor: Leather armour    ||    19
Dodge: Dodged            ||    40

Table legend:
 A = Non-vault XP
 B = Vault XP
 C = Vault XP percentage of total XP
 D = Non-vault monster count
 E = Vault monster count
 F = Vault count percentage of total count
                 A         B        C        D         E       F
            +---------+---------+-------+---------+---------+-------
      Total |      39 |      15 |  27.8 |      23 |       8 |  25.8
            +---------+---------+-------+---------+---------+-------
        D:1 |      22 |       0 |   0.0 |      14 |       0 |   0.0
        D:2 |      17 |      15 |  46.9 |       9 |       8 |  47.1
            +---------+---------+-------+---------+---------+-------
